 Dungeon Crawl Stone Soup version 0.29-a0-1047-g7c58e119a4 (webtiles) character file.

Game seed: 18372993272438621933

7 Newt the Vexing (level 2, -2/16 HPs)
             Began as a Kobold Arcane Marksman on Aug 16, 2022.
             Slain by a quokka (3 damage)
             ... on level 1 of the Dungeon.
             The game lasted 00:00:48 (168 turns).

Newt the Vexing (Kobold Arcane Marksman)             Turns: 168, Time: 00:00:49

Health: -2/16      AC:  2    Str:  7    XL:     2   Next: 5%
Magic:  2/3        EV: 15    Int: 14    God:
Gold:   27         SH:  0    Dex: 15    Spells: 2/3 levels left

rFire   . . .      SeeInvis .   a - +1 sling
rCold   . . .      Faith    .   (no shield)
rNeg    . . .      Spirit   .   c - +0 robe
rPois   .          Reflect  .   (no helmet)
rElec   .          Harm     .   (no cloak)
rCorr   .          Rampage  .   (no gloves)
Will    .....                   (no boots)
Stlth   +++.......              (no amulet)
HPRegen 0.05/turn               (no ring)
MPRegen 0.08/turn               (no ring)

@: no status effects
A: small, no large weapons, nightstalker 3
a: no special abilities


You were on level 1 of the Dungeon.
You visited 1 branch of the dungeon, and saw 1 of its levels.

You collected 27 gold pieces.

Inventory:

Hand Weapons
 a - a +1 sling (weapon)
Armour
 c - a +0 robe (worn)
Scrolls
 b - a scroll of poison
 d - a scroll of teleportation {unknown}
 e - 2 scrolls of identify {unknown}


   Skills:
 - Level 1.1 Fighting
 + Level 2.9 Ranged Weapons
 - Level 2.4 Dodging
 - Level 2.0 Stealth
 - Level 1.1 Spellcasting
 - Level 3.0 Hexes


You had 2 spell levels left.
You knew the following spells:

 Your Spells              Type           Power      Damage    Failure   Level
a - Slow                  Hex            36%        N/A       8%          1

Your spell library contained the following spells:

 Spells                   Type           Power      Damage    Failure   Level
 Inner Flame              Hex/Fire       4%         N/A       38%         3
 Portal Projectile        Hex/Tloc       8%         N/A       38%         3
 Cause Fear               Hex            4%         N/A       58%         4


Dungeon Overview and Level Annotations

Branches:
Dungeon (1/15)

Altars:


Innate Abilities, Weirdness & Mutations

You are small and have problems with some larger weapons.
You are completely attuned to the shadows.


Message History

Confirm with . or Enter, or press ? or * to list all spells.
Aiming: Slow (safe; 8% risk of failure)
Press: ? - help, Shift-Dir - straight line, f/p - quokka
Aim: a quokka (almost dead, chance to affect: 64%)
The quokka struggles to resist.
The quokka bites you but does no damage.
Unknown command.
You are too injured to fight recklessly!
You are too injured to fight recklessly!
Fire: a) +1 sling
Press: ? - help, Shift-Dir - straight line, f/p - quokka
Aim: a quokka (almost dead, 46% to hit)
You shoot a sling bullet.
The sling bullet barely misses the quokka.
The sling bullet closely misses the hobgoblin.
The sling bullet hits the kobold.
You kill the kobold!
The quokka bites you.
* * * LOW HITPOINT WARNING * * *
The quokka closely misses you.
Unknown command.
You aren't carrying any potions.
Casting: Slow (safe; 8% risk of failure)
Confirm with . or Enter, or press ? or * to list all spells.
Okay, then.
Fire: a) +1 sling
Press: ? - help, Shift-Dir - straight line, f/p - quokka
Aim: a quokka (almost dead, 46% to hit)
You shoot a sling bullet.
The sling bullet hits the quokka but does no damage.
The quokka is almost dead.
The quokka completely misses you.
Fire: a) +1 sling
Press: ? - help, Shift-Dir - straight line, f/p - quokka
Aim: a quokka (almost dead, 46% to hit)
You shoot a sling bullet. The sling bullet misses the quokka.
The sling bullet closely misses the hobgoblin.
The sling bullet barely misses the ball python.
The quokka completely misses you. The quokka bites you.
You die...

......#.......#......#
#.....#.......###.##.#
##.....)......#...##.#
#....#####...#.####.#
#....# #......# #†#
#....#####.>##..###.#
#.......###'#.†.#...#
#............####.###
#...........Sgr@..#
#............######
#............#
..........#
.........#######
...........#
...........###
#####........####
######
#...........###.~≈≈≈


You could see a quokka, a hobgoblin and a ball python.

Vanquished Creatures
  2 bats (D:1)
  A giant cockroach (D:1)
  2 kobolds (D:1)
  3 rats (D:1)
8 creatures vanquished.

Notes
Turn   | Place    | Note
-------+----------+-------------------------------------------
     0 | D:1      | Newt the Kobold Arcane Marksman began the quest for the
                  | Orb.
     0 | D:1      | Reached XP level 1. HP: 12/12 MP: 2/2
    44 | D:1      | Reached skill level 1 in Stealth
   127 | D:1      | Reached XP level 2. HP: 16/16 MP: 3/3
   168 | D:1      | Slain by a quokka

Illustrated notes

Levels and vault maps discovered:
D:1:      nicolae_arrival_washed_ashore, layout_basic,
          shapermc_ecumenical_altar_hornbeckon, roderic_roman_lattice,
          minmay_pentomino_w4

Skill      XL: |  1 |
---------------+----+-----
Stealth        | 2 |  2.0
Fighting       | |  1.1
Ranged Weapons | |  2.9
Dodging        | |  2.4
Spellcasting   | |  1.1
Hexes          | |  3.0

Action                   || total
-------------------------++-------
 Fire: Sling             ||    19
 Cast: Slow              ||     1
Armor: Robe              ||     7
Dodge: Dodged            ||    33

Table legend: (Time is in decaauts)
 A = Elapsed time spent in this place.
 B = Non-inter-level travel time spent in this place.
 C = Inter-level travel time spent in this place.
 D = Time resting spent in this place.
 E = Time spent auto-exploring this place.
 F = Levels seen in this place.
 G = Mean time per level.
                   A        B        C        D        E       F      G
               +--------+--------+--------+--------+--------+-----+--------+
         Total |    173 |    173 |      0 |      0 |    103 |   1 |  173.0 |
       Dungeon |    173 |    173 |      0 |      0 |    103 |   1 |  173.0 |
               +--------+--------+--------+--------+--------+-----+--------+

Top non-repeatable levels by time:
     D:1: 173 daAuts
